 Dungeon Crawl Stone Soup version 0.29-a0-82-g837932c90e (webtiles) character file.

Game seed: 7799623977391078138

5 cyrus the Slasher (level 1, -2/14 HPs)
             Began as a Tengu Berserker on Feb 4, 2022.
             Was a Follower of Trog.
             Slain by a jackal (3 damage)
             ... on level 1 of the Dungeon.
             The game lasted 00:00:56 (217 turns).

cyrus the Slasher (Tengu Berserker)                  Turns: 217, Time: 00:00:56

Health: -2/14      AC:  2    Str: 17    XL:     1   Next: 80%
Magic:  2/2        EV: 12    Int:  7    God:    Trog [*.....]
Gold:   0          SH:  0    Dex: 13    Spells: 0/0 levels left

rFire   . . .      SeeInvis .   a - +0 falchion
rCold   . . .      Faith    .   (no shield)
rNeg    . . .      Spirit   .   b - +0 animal skin
rPois   .          Reflect  .   (helmet restricted)
rElec   .          Harm     .   (no cloak)
rCorr   .          Rampage  .   (no gloves)
Will    .....                   (boots unavailable)
Stlth   +.........              (no amulet)
HPRegen 0.04/turn               (no ring)
MPRegen 0.08/turn               (no ring)

@: no status effects
A: beak, talons 3
a: Renounce Religion, Berserk


You were on level 1 of the Dungeon.
You worshipped Trog.
Trog was aware of your devotion.
You visited 1 branch of the dungeon, and saw 1 of its levels.

Inventory:

Hand Weapons
 a - a +0 falchion (weapon)
Armour
 b - a +0 animal skin (worn)


   Skills:
 + Level 3.1 Fighting
 + Level 3.4 Long Blades
 + Level 2.2 Armour
 + Level 2.2 Dodging


You couldn't memorise any spells.
You didn't know any spells.
Your spell library contained the following spells:

 Spells                   Type           Power      Damage    Failure   Level
 Sublimation of Blood     Necr           0%         N/A       56%         2
 Wereblood                Tmut           0%         N/A       56%         2
 Summon Hydra             Summ           0%         N/A       100%        7


Dungeon Overview and Level Annotations

Branches:
Dungeon (1/15)

Altars:

Shops:
D:1 =


Innate Abilities, Weirdness & Mutations

You have a beak for a mouth.
You have claws for feet.


Message History

The jackal bites you but does no damage.
The hobgoblin moves out of view.
The hobgoblin shouts!
Found 5 arrows.
The jackal bites you but does no damage.
The ball python barely misses you. The ball python closely misses you.
The jackal bites you. The ball python bites you. The ball python grabs you.
The ball python constricts you.
The jackal bites you but does no damage.
Why would you want to do that?
You hit the ball python.
You kill the ball python!
Trog accepts your kill. The jackal barely misses you.
The hobgoblin closely misses you.
The jackal bites you but does no damage.
You slash the hobgoblin!
You kill the hobgoblin!
Trog accepts your kill. The hobgoblin hits you.
* * * LOW HITPOINT WARNING * * *
The jackal barely misses you.
The jackal bites you but does no damage.
Things that are here:
a hobgoblin corpse; a ball python corpse The jackal misses you.
The jackal completely misses you.
The jackal bites you but does no damage.
The jackal closely misses you.
The hobgoblin hits you but does no damage.
The jackal misses you. The hobgoblin completely misses you.
The hobgoblin hits you but does no damage.
The jackal bites you.
* * * LOW HITPOINT WARNING * * *
The jackal closely misses you. The jackal barely misses you.
The jackal bites you.
* * * LOW HITPOINT WARNING * * *
You closely miss the jackal. Your peck misses the jackal. The jackal bites you.
You die...

.... ### #.... #.#
...### ..# .....#
#.###.#... #>#....#
##########.#....#
#..........gh@##
#...........#...#
#...............#
#..........#.#.##
#..........#.#.#
#..........#.#.#
#.#.#.#.#..#.#.#
#.#.#.#.#..#.#.#
#.#.#.#.#..#.#.####


You could see a jackal and a hobgoblin.

Vanquished Creatures
  A ball python (D:1)
  A hobgoblin (D:1)
  A jackal (D:1)
  A bat (D:1)
  A frilled lizard (D:1)
5 creatures vanquished.

Notes
Turn   | Place    | Note
-------+----------+-------------------------------------------
     0 | D:1      | cyrus the Tengu Berserker began the quest for the Orb.
     0 | D:1      | Reached XP level 1. HP: 14/14 MP: 2/2
   172 | D:1      | Found Laqyceuj's Jewellery Shop.
   217 | D:1      | Slain by a jackal

Illustrated notes

Levels and vault maps discovered:
D:1:      sevenhm_arrival_forest_fort_small_5, layout_basic, serial_shops,
          nicolae_shop_waterfront, nicolae_shop_behind_doors, shop,
          shapermc_ecumenical_altar_starsandcircs, chequers_mini_garden,
          hangedman_decor_push, serial_park_tiny_2

Action                   || total
-------------------------++-------
Melee: Falchion          ||     8
       Kick              ||     1
       Peck              ||     1
Armor: Animal skin       ||    10
Dodge: Dodged            ||    28

Table legend: (Time is in decaauts)
 A = Elapsed time spent in this place.
 B = Non-inter-level travel time spent in this place.
 C = Inter-level travel time spent in this place.
 D = Time resting spent in this place.
 E = Time spent auto-exploring this place.
 F = Levels seen in this place.
 G = Mean time per level.
                   A        B        C        D        E       F      G
               +--------+--------+--------+--------+--------+-----+--------+
         Total |    217 |    217 |      0 |      0 |     98 |   1 |  217.0 |
       Dungeon |    217 |    217 |      0 |      0 |     98 |   1 |  217.0 |
               +--------+--------+--------+--------+--------+-----+--------+

Top non-repeatable levels by time:
     D:1: 217 daAuts
